 Dungeon Crawl Stone Soup version 0.30-a0-603-g51a0fb1b98 (webtiles) character file.

Game seed: 12740024794689190678

5411 Leeroy the Martial Artist (level 10, 0/71 HPs)
             Began as a Grey Draconian Transmuter on Jan 7, 2023.
             Slain by a yak (4 damage)
             ... on level 9 of the Dungeon.
             The game lasted 00:22:34 (11574 turns).

Leeroy the Martial Artist (DrTm)                   Turns: 11574, Time: 00:22:35

Health: 0/71       AC: 13    Str: 12    XL:     10   Next: 40%
Magic:  6/22       EV: 15    Int: 18    God:
Gold:   472        SH:  0    Dex: 12    Spells: 5/13 levels left

rFire   + . .      SeeInvis .      - Unarmed
rCold   x . .      Faith    .    (no shield)
rNeg    . . .      Spirit   .    (body armour unavailable)
rPois   +          Reflect  .    (helmet restricted)
rElec   .          Harm     .    (no cloak)
rCorr   .          Rampage  .    y - +0 pair of gloves
Will    .....                    (no boots)
Stlth   +                        (no amulet)
HPRegen 0.31/turn                j - ring of magical power
MPRegen 0.18/turn                u - ring "Woypillyog" {Fire rPois Slay+3}

@: slightly contaminated
A: AC +12, amphibious, unfitting armour, cold-blooded
a: no special abilities


You were on level 9 of the Dungeon.
You visited 2 branches of the dungeon, and saw 10 of its levels.
You also visited: Sewer.

You collected 472 gold pieces.

Inventory:

Hand Weapons
 C - a +0 arbalest
Missiles
 i - 8 poisoned darts
 I - 5 javelins
Armour
 l - a +2 pair of gloves
 y - a +0 pair of gloves (worn)
Jewellery
 j - a ring of magical power (left hand)
 r - a ring of see invisible
 u - the ring "Woypillyog" (right hand) {Fire rPois Slay+3}
   (You found it on level 4 of the Dungeon)

   [ring of fire]

   It enhances your fire magic.
   Slay:      It affects your accuracy & damage with ranged weapons and melee
   (+3).
   rF:        It protects you from fire.
   rC:        It makes you vulnerable to cold.
   rPois:     It protects you from poison.
 B - an amulet of reflection
 E - a ring of resist corrosion
 H - an amulet of magic regeneration
 J - an amulet of regeneration
Wands
 a - a wand of flame (52)
 k - a wand of mindburst (14)
 F - a wand of acid (9)
Scrolls
 b - 9 scrolls of identify {unknown}
 e - a scroll of enchant weapon {unknown}
 f - a scroll of enchant armour {unknown}
 n - a scroll of fear {unknown}
 p - 6 scrolls of teleportation {unknown}
 s - a scroll of silence {unknown}
 t - 3 scrolls of noise {unknown}
 v - 2 scrolls of blinking {unknown}
 w - a scroll of brand weapon {unknown}
 x - 3 scrolls of magic mapping {unknown}
 D - a scroll of poison {unknown}
Potions
 c - 2 potions of curing
 d - 2 potions of invisibility {unknown}
 g - a potion of magic {unknown}
 h - a potion of berserk rage {unknown}
 m - 4 potions of haste {unknown}
 o - 4 potions of mutation {unknown}
 q - 3 potions of attraction {unknown}
 z - 2 potions of lignification
 A - 3 potions of flight {unknown}
 G - 2 potions of brilliance {unknown}


   Skills:
 - Level 1.1 Fighting
 + Level 8.8 Dodging
 - Level 11.0 Unarmed Combat
 - Level 2.0 Spellcasting
 * Level 6.6 Transmutations
 - Level 1.6 Poison Magic


You had 5 spell levels left.
You knew the following spells:

 Your Spells              Type           Power      Damage    Failure   Level
a - Beastly Appendage     Tmut           50%        N/A       1%          1
b - Spider Form           Tmut/Pois      16%        N/A       10%         3
c - Ice Form              Ice/Tmut       13%        N/A       43%         4

Your spell library contained the following spells:

 Spells                   Type           Power      Damage    Failure   Level
 Wereblood                Tmut           25%        N/A       1%          2
 Ignite Poison            Fire/Tmut/Pois 17%        N/A       17%         3
 Apportation              Tloc           2%         N/A       19%         1
 Freeze                   Ice            4%         1d3       19%         1
 Necrotise                Necr           4%         1d4       19%         1
 Shock                    Conj/Air       4%         1d3       19%         1
 Summon Small Mammal      Summ           4%         N/A       19%         1
 Frozen Ramparts          Ice            2%         1d1       47%         3
 Hailstorm                Conj/Ice       1%         3d3       47%         3
 Swiftness                Air            1%         N/A       47%         3
 Airstrike                Air            0%         2d(1-17)  87%         4
 Sticky Flame             Conj/Fire      2%         2d3       87%         4
 Simulacrum               Ice/Necr       0%         N/A       100%        6
 Ignition                 Fire           1%         3d3       100%        8


Dungeon Overview and Level Annotations

Branches:
Dungeon (9/15)             Temple (1/1) D:5           Sewer (visited)
   Lair: D:8-11         Orc: D:9-12

Altars:
Ashenzari
Cheibriados
Dithmenos
Elyvilon
Fedhas
Hepliaklqana
Kikubaaqudgha
Nemelex Xobeh
Okawaru
Qazlal
Ru
Sif Muna
Trog
Uskayaw
Vehumet
Xom
Yredelemnul
Zin
The Shining One

Shops:
D:5 !*!   D:7 [

Annotations:
D:4 exclusion: oklob plant


Innate Abilities, Weirdness & Mutations

Your dull iron-grey scales are very hard. (AC +12)
You are amphibious.
You cannot fit into any form of body armour.
You are cold-blooded and may be slowed by cold attacks.


Message History

Your transformation is almost over.
You warm up again.
Your +0 pair of gloves unmelds from your body.
You start resting.
HP restored.
You start waiting.
Done waiting.
You climb downwards.
The yak gores you! The yak barely misses you. x2
The yak gores you but does no damage.
There is a stone staircase leading up, spattered with blood here.
The yak closely misses you. The yak gores you.
Casting: Ice Form (quite dangerous; 43% risk of failure)
Confirm with . or Enter, or press ? or * to list all spells.
The spell is quite dangerous to miscast (43% risk of failure)!
Continue anyway?
You miscast Ice Form.
You are very lightly contaminated with residual magic.
Nothing appears to happen.
The yak completely misses you. The yak gores you.
Casting: Ice Form (quite dangerous; 43% risk of failure)
Confirm with . or Enter, or press ? or * to list all spells.
The spell is quite dangerous to miscast (43% risk of failure)!
Continue anyway?
You miscast Ice Form.
You are covered in a thin layer of ice!!
You feel a terrible chill! The yak closely misses you. The yak misses you.
Casting: Ice Form (quite dangerous; 43% risk of failure)
Confirm with . or Enter, or press ? or * to list all spells.
The spell is quite dangerous to miscast (43% risk of failure)!
Continue anyway?
You miscast Ice Form.
Nothing appears to happen.
The yak gores you! The yak closely misses you.
Casting: Ice Form (quite dangerous; 43% risk of failure)
Confirm with . or Enter, or press ? or * to list all spells.
The spell is quite dangerous to miscast (43% risk of failure)!
Continue anyway?
You miscast Ice Form.
You are lightly contaminated with residual magic.
You are covered in a thin layer of ice!!
You feel a terrible chill!
* * * LOW HITPOINT WARNING * * *
The yak gores you.
* * * LOW HITPOINT WARNING * * *
The yak gores you.
You die...

...#...#.$.#..#....##....##
.........†........#.......###
.Y.#...#.†........##.#..#..##
...YY!....###........##.##..#
########..###.....##.......##
..................##......##
#.......#.........#(.......#
......###...Y........###....
...... #..@Y.....#######...
...... #......<.[....# #.#.
..... ##....#.#......#...#.
.....###.....####[###.#..##.
........#######.[##.... ##
.....>...##.#.#...##.## #
.........YY.....#....#
................#....#
.....................#


You could see 2 yaks.

Vanquished Creatures
  Joseph (D:8)
  Sigmund (D:5)
  A wyvern (D:8)
  8 yaks
  2 humans (D:8)
  2 steam dragons
  An acid dragon (D:9)
  Duvessa (D:5)
  A water moccasin (D:7)
  2 ice beasts
  2 sky beasts (D:7)
  An ogre (D:6)
  A centaur (D:7)
  A phantom (D:7)
  2 bullfrogs
  A gnoll sergeant (D:8)
  Blork the orc (D:5)
  2 necrophages
  4 scorpions
  6 wights
  Dowan (D:5)
  5 killer bees (D:9)
  2 howler monkeys
  3 jellies
  4 orc priests
  4 hounds
  An iguana (D:5)
  Jessica (D:2)
  7 orc wizards
  A hell rat (Sewer)
  7 gnolls
  2 river rats (Sewer)
  12 adders
  A shadow imp (D:5)
  3 white imps
  4 worms
  4 dart slugs
  18 orcs
  A bat (D:1)
  6 endoplasms
  3 giant cockroaches
  4 goblins
  9 hobgoblins
  5 quokkas
  8 ball pythons
  3 frilled lizards (D:2)
  6 kobolds
  12 rats
178 creatures vanquished.

Notes
Turn   | Place    | Note
-------+----------+-------------------------------------------
     0 | D:1      | Leeroy the Draconian Transmuter began the quest for the
                  | Orb.
     0 | D:1      | Reached XP level 1. HP: 16/16 MP: 3/3
    17 | D:1      | Found a faded altar of an unknown god.
   280 | D:1      | Reached XP level 2. HP: 23/23 MP: 5/5
   736 | D:1      | Reached skill level 4 in Unarmed Combat
  1079 | D:2      | Reached XP level 3. HP: 23/28 MP: 6/6
  1088 | D:2      | Learned a level 3 spell: Spider Form
  1559 | D:2      | Noticed Jessica
  1575 | D:2      | Killed Jessica
  1576 | D:2      | Reached skill level 5 in Unarmed Combat
  1576 | D:2      | Reached XP level 4. HP: 19/35 MP: 7/7
  2100 | D:3      | Found a faded altar of an unknown god.
  2235 | D:3      | Found a sparkling altar of Nemelex Xobeh.
  2328 | D:3      | Found a snail-covered altar of Cheibriados.
  2767 | D:4      | Reached XP level 5. HP: 34/40 MP: 8/8
  2864 | D:4      | Found a hazy altar of Hepliaklqana.
  2877 | D:4      | Reached skill level 6 in Unarmed Combat
  2928 | D:4      | Identified the ring "Woypillyog" {Fire rPois Slay+3}
  3239 | D:4      | Found a blossoming altar of Fedhas.
  3260 | D:4      | Noticed an oklob plant
  3454 | D:4      | Reached XP level 6. HP: 45/47 MP: 9/9
  3647 | D:5      | Entered Level 5 of the Dungeon
  3712 | D:5      | Noticed Sigmund
  3782 | D:5      | Found a glowing drain.
  3881 | Sewer    | Entered a sewer
  3908 | Sewer    | Reached skill level 7 in Unarmed Combat
  4137 | D:5      | Noticed Duvessa
  4137 | D:5      | Noticed Dowan
  4167 | D:5      | Killed Duvessa
  4168 | D:5      | Reached skill level 1 in Poison Magic
  4181 | D:5      | Killed Dowan
  4182 | D:5      | Reached skill level 8 in Unarmed Combat
  4182 | D:5      | Your scales start taking on a dull iron-grey colour.
  4182 | D:5      | Reached XP level 7. HP: 34/52 MP: 1/10
  4380 | D:5      | Found a staircase to the Ecumenical Temple.
  4418 | Temple   | Entered the Ecumenical Temple
  4620 | D:5      | Found Unuybiro's Distillery.
  4622 | D:5      | Found Piatz's General Store.
  4624 | D:5      | Found Kichoh's Distillery.
  4827 | D:5      | Found a bloodstained altar of Trog.
  4861 | D:5      | Found a radiant altar of Vehumet.
  5198 | D:5      | Reached skill level 9 in Unarmed Combat
  5203 | D:5      | Learned a level 4 spell: Ice Form
  5217 | D:5      | Noticed Blork the orc
  6019 | D:6      | Reached XP level 8. HP: 21/59 MP: 11/11
  6467 | D:7      | Reached skill level 10 in Unarmed Combat
  6983 | D:7      | Found a shimmering blue altar of Sif Muna.
  7096 | D:7      | Reached XP level 9. HP: 61/64 MP: 12/12
  7192 | D:7      | Found Dycsext's Armour Shoppe.
  7306 | D:7      | Reached skill level 11 in Unarmed Combat
  7399 | D:8      | Reached skill level 5 in Dodging
  7787 | D:5      | Killed Blork the orc
  8024 | D:5      | Killed Sigmund
  9778 | D:9      | Reached skill level 5 in Transmutations
 10456 | D:9      | Reached XP level 10. HP: 54/71 MP: 13/13
 10572 | D:8      | Noticed Joseph
 10584 | D:8      | Killed Joseph
 10781 | D:8      | Found an iron altar of Okawaru.
 11574 | D:9      | Slain by a yak

Illustrated notes

Levels and vault maps discovered:
D:1:      spicycebolla_arrival_xxxplode, layout_loops_corners,
          ebering_ecumenical_altar_rust
D:2:      layout_basic, uniq_jessica
D:3:      layout_basic, nicolae_overflow_ecumenical_swirl,
          nicolae_overflow_hidden_temple
D:4:      layout_basic, kennysheep_mini, tgw_fedhas
D:5:      layout_loops_ring, mainiacjoe_overflow_two_lobes,
          minmay_temple_entry_junction, cheibrodos_sewer_entry_bend,
          minmay_misc_feat_tower, nicolae_wooded_promenade, minmay_crossroads,
          uniq_sigmund, uniq_blork_the_orc, uniq_duvessa
D:6:      layout_loops_ring, kennysheep_generic_room_8
D:7:      layout_rooms, lemuel_crystal_altar, serial_shops,
          kennysheep_mini_moat, nrook_mini_vaults
D:8:      layout_rooms, okawaru_humans, uniq_joseph
D:9:      layout_cave_pools, lemuel_coloured_pillars_altar,
          kennysheep_little_box
Temple:   bh_familiar_temple

Skill      XL: |  1  2  3  4  5  6  7  8  9 10 |
---------------+-------------------------------+-----
Unarmed Combat | 4 5 6 8 9 10 11 | 11.0
Poison Magic   | 1 |  1.6
Dodging        | 2 4 7 8 |  8.8
Transmutations | 5 6 |  6.6
Fighting       | |  1.1
Spellcasting   | |  2.0

Action                   |  1- 3 |  4- 6 |  7- 9 | 10-12 || total
-------------------------+-------+-------+-------+-------++-------
Melee: Unarmed           |   112 |   155 |   283 |    70 ||   620
       Tailslap          |    11 |    19 |    26 |     4 ||    60
       Punch             |     1 |     2 |    12 |     1 ||    16
       Kick              |       |       |     2 |       ||     2
 Cast: Beastly Appendage |       |     2 |     1 |       ||     3
       Spider Form       |       |    10 |     6 |     2 ||    18
       Ice Form          |       |       |     3 |     2 ||     5
Evoke: Wand              |       |     1 |     5 |       ||     6
  Use: Potion            |     2 |     3 |     2 |       ||     7
 Stab: Sleeping          |     2 |     1 |     1 |       ||     4
Armor: Skin              |    32 |    34 |   126 |    24 ||   216
Dodge: Dodged            |    51 |    86 |   199 |    69 ||   405

Table legend: (Time is in decaauts)
 A = Elapsed time spent in this place.
 B = Non-inter-level travel time spent in this place.
 C = Inter-level travel time spent in this place.
 D = Time resting spent in this place.
 E = Time spent auto-exploring this place.
 F = Levels seen in this place.
 G = Mean time per level.
                   A        B        C        D        E       F      G
               +--------+--------+--------+--------+--------+-----+--------+
         Total |  11515 |  10644 |    871 |   2873 |   6170 |  11 | 1046.8 |
       Dungeon |  11087 |  10240 |    847 |   2873 |   5848 |   9 | 1231.9 |
        Temple |    184 |    160 |     24 |      0 |    156 |   1 |  184.0 |
         Sewer |    243 |    243 |      0 |      0 |    166 |   1 |  243.0 |
               +--------+--------+--------+--------+--------+-----+--------+

Top non-repeatable levels by time:
     D:7: 2242 daAuts
     D:8: 1673 daAuts
     D:5: 1538 daAuts
     D:6: 1359 daAuts
     D:1: 982 daAuts
     D:4: 948 daAuts
     D:3: 922 daAuts
     D:2: 885 daAuts
     D:9: 535 daAuts
   Sewer: 243 daAuts
  Temple: 184 daAuts
